 Dungeon Crawl Stone Soup version 0.32-a0-994-gabb26cbae4 (webtiles) character file.

Game seed: 10212917104065495199

43 Bnni the Apothecary (level 3, -2/26 HPs)
             Began as a Formicid Alchemist on Apr 22, 2024.
             Slain by a gnoll
             ... wielding a +0 spear
              (9 damage)
             ... on level 2 of the Dungeon.
             The game lasted 00:02:54 (925 turns).

Bnni the Apothecary (Formicid Alchemist)             Turns: 925, Time: 00:02:55

Health: -2/26      AC:  2    Str: 18    XL:     3   Next: 82%
Magic:  4/7        EV: 11    Int: 16    God:
Gold:   86         SH:  0    Dex: 14    Spells: 6/7 levels left

rFire   . . .        f - +0 dagger
rCold   . . .        (no shield)
rNeg    . . .        a - +0 robe
rPois   .            (helmet unavailable)
rElec   .            (no cloak)
rCorr   +            (no gloves)
SInv    +            (no boots)
Will    .....        (no amulet)
Stlth   ++           c - +6 ring of strength
HPRegen 0.24/turn    g - ring of resist corrosion
MPRegen 0.10/turn

%: no passive effects
@: no status effects
A: permanent stasis, dig shafts and tunnels, antennae 3, four strong arms
a: Dig, Shaft Self


You were on level 2 of the Dungeon.
You visited 1 branch of the dungeon, and saw 2 of its levels.

You collected 86 gold pieces.

Inventory:

Hand Weapons
 f - a +0 dagger (weapon)
Armour
 a - a +0 robe (worn)
 h - a +0 ring mail
Jewellery
 c - a +6 ring of strength (left hand)
 g - a ring of resist corrosion (right hand)
Scrolls
 d - 4 scrolls of identify {unknown}
 e - 2 scrolls of noise {unknown}
 j - a scroll of teleportation {unknown}
 k - a scroll of blinking {unknown}
 n - a scroll of brand weapon {unknown}
Potions
 b - a potion of magic
 i - a potion of curing {unknown}
 l - a potion of heal wounds {unknown}
 m - 2 potions of attraction {unknown}
 o - a potion of enlightenment {unknown}


   Skills:
 + Level 1.4 Fighting
 - Level 1.7 Dodging
 - Level 2.4 Stealth
 + Level 2.7 Spellcasting
 - Level 0.8 Conjurations
 * Level 5.1 Alchemy


You had 6 spell levels left.
You knew the following spells:

 Your Spells              Type           Power      Damage    Failure   Level
a - Sting                 Conj/Alch      44%        1d5       5%          1

Your spell library contained the following spells:

 Spells                   Type           Power      Damage    Failure   Level
 Mercury Vapours          Alch/Air       20%        N/A       11%         2
 Slow                     Hex            8%         N/A       19%         1
 Olgreb's Toxic Radiance  Alch           18%        N/A       24%         4
 Mephitic Cloud           Conj/Alch/Air  8%         N/A       26%         3
 Confusing Touch          Hex            2%         N/A       50%         3
 Vampiric Draining        Necr           2%         2d6       50%         3
 Sticky Flame             Fire/Alch      10%        2d5       56%         4


Dungeon Overview and Level Annotations

Branches:
Dungeon (2/15)

Altars:


Innate Abilities, Weirdness & Mutations

You cannot be hasted, slowed, berserked, paralysed or teleported.
You can dig through walls and to a lower floor.
You have a pair of large antennae on your head. (SInv)
Your four strong arms can wield two-handed weapons with a shield.


Message History

Found an escape hatch in the floor.
The gnoll shouts! x3; The hobgoblin shouts! x2
There is an open door here.
Aiming: Sting (safe; 6% risk of failure)
Press: ? - help, Q - select action, (/) - cycle Shift-Dir - straight line, f - gnoll
Aim: a gnoll, wielding a +0 flail (75% to hit)
The sting hits the gnoll.
The gnoll is poisoned.
The gnoll is lightly wounded.
The gnoll barely misses you.
Aiming: Sting (safe; 6% risk of failure)
Press: ? - help, Q - select action, (/) - cycle Shift-Dir - straight line, f/p - gnoll
Aim: a gnoll, wielding a +0 flail (lightly wounded, poisoned, 75% to hit)
The sting misses the gnoll.
The gnoll closely misses you.
Unknown command.
You see here a hobgoblin corpse.
Aiming: Sting (safe; 6% risk of failure)
Press: ? - help, Q - select action, (/) - cycle Shift-Dir - straight line, f - gnoll, p - gnoll
Aim: a gnoll, wielding a +0 spear (75% to hit)
The sting hits the gnoll.
The gnoll looks even sicker.
The gnoll is heavily wounded.
The gnoll barely misses you.
The gnoll hits you from afar with a +0 spear.
Unknown command.
The gnoll attacks as it pursues you! The gnoll hits you with a +0 flail!
The gnoll attacks as it pursues you!
The gnoll hits you from afar with a +0 spear!
* * * LOW HITPOINT WARNING * * *
Unknown command.
The gnoll attacks as it pursues you! The gnoll misses you.
The gnoll looks more healthy.
Aiming: Sting (safe; 6% risk of failure)
Press: ? - help, Q - select action, (/) - cycle Shift-Dir - straight line, f - gnoll
Aim: a gnoll, wielding a +0 flail (almost dead, 75% to hit)
The sting hits the gnoll.
The gnoll is poisoned.
You kill the gnoll!
Your Alchemy skill increases to level 5!
The gnoll attacks as it pursues you!
The gnoll hits you from afar with a +0 spear!
You die...

###### ######.#
#.# #g# #.# #{#
#g# { #{#
#.##### #.g.@.#
#####.# #.# #.#
#.#
#############.#
#.............#
#.#############
#.#......<#


You could see a gnoll.

Vanquished Creatures
  A gnoll (D:2)
  A ribbon worm (D:2)
  3 dart slugs (D:1)
  3 ball pythons (D:1)
  2 bats (D:1)
  An endoplasm (D:1)
  A giant cockroach (D:1)
  3 goblins
  5 hobgoblins
  A kobold (D:1)
  A frilled lizard (D:1)
  A rat (D:1)
23 creatures vanquished.

Notes
Turn   | Place    | Note
-------+----------+-------------------------------------------
     0 | D:1      | Bnni the Formicid Alchemist began the quest for the Orb.
     0 | D:1      | Reached XP level 1. HP: 13/13 MP: 3/3
    67 | D:1      | Reached XP level 2. HP: 20/20 MP: 1/5
   151 | D:1      | Reached skill level 1 in Fighting
   247 | D:1      | Reached XP level 3. HP: 19/26 MP: 3/6
   925 | D:2      | Reached skill level 5 in Alchemy
   925 | D:2      | Slain by a gnoll

Illustrated notes

Levels and vault maps discovered:
D:1:      saegor_arrival_fortress, layout_rooms
D:2:      layout_basic

Skill      XL: |  1  2  3 |
---------------+----------+-----
Fighting       | 1 |  1.4
Alchemy        | 5 |  5.1
Dodging        | |  1.7
Stealth        | |  2.4
Spellcasting   | |  2.7
Conjurations   | |  0.8

Action                     || total
---------------------------++-------
  Melee: Unarmed           ||    13
         Punch             ||     1
         Dagger            ||    34
   Cast: Sting             ||    32
 Armour: Robe              ||    28
  Dodge: Dodged            ||    36

Table legend: (Time is in decaauts)
 A = Elapsed time spent in this place.
 B = Non-inter-level travel time spent in this place.
 C = Inter-level travel time spent in this place.
 D = Time resting spent in this place.
 E = Time spent auto-exploring this place.
 F = Levels seen in this place.
 G = Mean time per level.
                   A        B        C        D        E       F      G
               +--------+--------+--------+--------+--------+-----+--------+
         Total |    923 |    914 |      9 |      0 |    715 |   2 |  461.5 |
       Dungeon |    923 |    914 |      9 |      0 |    715 |   2 |  461.5 |
               +--------+--------+--------+--------+--------+-----+--------+

Top non-repeatable levels by time:
     D:1: 712 daAuts
     D:2: 210 daAuts
